 Dungeon Crawl Stone Soup version 0.28.0-49-g6dfe1f597d (webtiles) character file.

Game seed: 229058704665392305

296 Zeld the Skirmisher (level 6, -1/52 HPs)
             Began as a Palentonga Fighter on May 19, 2022.
             Was a Believer of Uskayaw.
             Succumbed to an adder's poison
             ... on level 4 of the Dungeon.
             The game lasted 00:02:25 (2994 turns).

Zeld the Skirmisher (Palentonga Fighter)            Turns: 2994, Time: 00:02:26

Health: -1/52      AC: -4    Str: 21    XL:     6   Next: 12%
Magic:  6/6        EV:  7    Int:  8    God:    Uskayaw [**....]
Gold:   120        SH:  4    Dex: 10    Spells: 5/5 levels left

rFire   . . .      SeeInvis +   a - +0 war axe
rCold   . . .      Faith    .   q - +0 buckler
rNeg    . . .      Spirit   .   b - +0 scale mail
rPois   .          Reflect  .   d - +0 helmet
rElec   .          Harm     .   (no cloak)
rCorr   .          Rampage  .   (no gloves)
Will    .....                   (no barding)
Stlth   ..........              (no amulet)
HPRegen 0.17/turn               (no ring)
MPRegen 0.10/turn               (no ring)

@: lethally poisoned (-1 -> -11), corroded
A: large, rugged brown scales 3, see invisible, deformed body, roll 1, armoured
tail
a: Rolling Charge, Renounce Religion, Stomp, Line Pass


You were on level 4 of the Dungeon.
You worshipped Uskayaw.
Uskayaw was noncommittal.
You visited 1 branch of the dungeon, and saw 4 of its levels.

You collected 120 gold pieces.

Inventory:

Hand Weapons
 a - a +0 war axe (weapon)
Armour
 b - a +0 scale mail (worn)
 d - a +0 helmet (worn)
 q - a +0 buckler (worn)
Scrolls
 e - 3 scrolls of identify {unknown}
 f - a scroll of torment {unknown}
 g - a scroll of fear {unknown}
 h - a scroll of holy word {unknown}
 j - a scroll of silence {unknown}
 k - a scroll of brand weapon {unknown}
 m - a scroll of blinking {unknown}
Potions
 c - a potion of might
 i - a potion of curing {unknown}
 l - a potion of berserk rage {unknown}


   Skills:
 * Level 4.6 Fighting
 * Level 4.0 Axes
 - Level 2.4 Armour
 + Level 1.7 Dodging
 + Level 3.1 Shields


You had 5 spell levels left.
You didn't know any spells.
Your spell library was empty.

Dungeon Overview and Level Annotations

Branches:
Dungeon (4/15)
 Temple: D:4-7

Altars:
Ashenzari
Gozag
Nemelex Xobeh
Uskayaw
Wu Jian
The Shining One

Shops:
D:3 (


Innate Abilities, Weirdness & Mutations

You are completely covered in rugged brown scales. (AC +3, +7% HP)
You have supernaturally acute eyesight. (SInv)
Armour fits poorly on your strangely shaped body.
You can roll at nearby foes to attack.
You have a long armoured tail.


Message History

The adder bites you. The adder bites you but does no damage.
You hear an angry hiss.
You miss the adder.
Your tail-slap misses the adder.
The adder is heavily wounded.
You hit the ogre. The adder barely misses you. The ogre barely misses you.
A water moccasin skeleton comes into view.
You closely miss the adder.
The adder is heavily wounded.
You slash the ogre! You hit the jelly. The acid corrodes you!
Your hands burn!
A quokka comes into view.
The adder bites you but does no damage. The ogre hits you with a +0 giant club!
The jelly hits you but does no damage. The adder barely misses you.
A gnoll comes into view. It is wielding a +0 club.
You can now pass through a line of other dancers.
You barely miss the adder.
The adder is heavily wounded.
The gnoll shouts!
You hit the jelly.
Your hands burn!
You completely miss the ogre. The adder bites you.
You are poisoned.
The adder poisons you! The jelly hits you. The acid corrodes you!
You are splashed with acid!
You block the ogre's attack. You block the adder's attack.
A gnoll comes into view.
It is wielding a +0 flail and quivering poisoned darts.
You are too injured to fight recklessly!
Unknown command.
You are too injured to fight recklessly!
The gnoll shouts!
You hit the ogre but do no damage. You tail-slap the ogre!
The ogre is heavily wounded.
You miss the adder. You completely miss the jelly.
You feel sick. The jelly hits you. The acid corrodes you!
You are splashed with acid!
* * * LOW HITPOINT WARNING * * *
The adder completely misses you. You block the ogre's attack.
You block the jelly's attack. The adder bites you.
* * * LOW HITPOINT WARNING * * *
You are more poisoned.
The adder poisons you!
Unknown command.
You die...

#..........#......
#.....<....#......
#.....######......
#.....# ####...
####...†.# #.##
#........# #.##
#........# #.##
#####........###
..##
#.......@......#
..##
#.......g......#
..^##
#....gJSO......#
.....
#......h.#######
....). #......r..
#.....#gZ..
#.....#.....
#######g.....
#.......


You could see an ogre, a gnoll shaman, a howler monkey, a jelly, 3 gnolls, an
adder, a quokka and a water moccasin skeleton.

Vanquished Creatures
  A necrophage (D:4)
  A scorpion (D:4)
  A hound (D:4)
  3 adders
  3 worms
  A dart slug (D:1)
  An orc (D:3)
  6 endoplasms
  3 giant cockroaches
  5 goblins
  7 hobgoblins
  3 jackals
  2 quokkas
  8 ball pythons
  10 bats
  8 frilled lizards
  10 kobolds
  5 rats
78 creatures vanquished.

Vanquished Creatures (others)
  A fungus (D:2)
  A plant (D:2)
2 creatures vanquished.

Grand Total: 80 creatures vanquished

Notes
Turn   | Place    | Note
-------+----------+-------------------------------------------
     0 | D:1      | Zeld the Palentonga Fighter began the quest for the Orb.
     0 | D:1      | Reached XP level 1. HP: 19/19 MP: 1/1
   238 | D:1      | Reached XP level 2. HP: 20/25 MP: 2/2
   734 | D:1      | Reached XP level 3. HP: 29/31 MP: 3/3
  1118 | D:2      | Found a broken altar of Ashenzari.
  1449 | D:2      | Found a faded altar of an unknown god.
  1921 | D:3      | Reached skill level 1 in Dodging
  1936 | D:3      | Reached XP level 4. HP: 37/39 MP: 4/4
  2639 | D:3      | Found Aschoq's Antique Weapon Emporium.
  2788 | D:4      | Noticed a scorpion
  2794 | D:4      | Killed a scorpion
  2795 | D:4      | Reached XP level 5. HP: 40/44 MP: 5/5
  2868 | D:4      | Found an ornate altar of the Wu Jian Council.
  2868 | D:4      | Found a hide-covered altar of Uskayaw.
  2875 | D:4      | Found a sparkling altar of Nemelex Xobeh.
  2878 | D:4      | Became a worshipper of Uskayaw the Reveller
  2911 | D:4      | Found an opulent altar of Gozag.
  2913 | D:4      | Found a glowing golden altar of the Shining One.
  2943 | D:4      | Noticed a necrophage
  2948 | D:4      | Reached * piety under Uskayaw
  2956 | D:4      | Reached ** piety under Uskayaw
  2957 | D:4      | Killed a necrophage
  2958 | D:4      | Reached XP level 6. HP: 48/52 MP: 6/6
  2993 | D:4      | HP: 2/52 [adder (3)]
  2994 | D:4      | Succumbed to an adder's poison

Illustrated notes

Levels and vault maps discovered:
D:1:      kennysheep_arrival_seaside, layout_rooms, minmay_heptomino_d4
D:2:      layout_loops_cross, basic_altar,
          dreamdust_ecumenical_altar_hidden_monk_grotto
D:3:      wad_river_or_something, layout_rooms, serial_shops, shop
D:4:      layout_basic, chequers_temple_overflow_minitemple,
          mainiacjoe_overflow_big_doors, uniq_edmund

Skill      XL: |  1  2  3  4  5 |
---------------+----------------+-----
Dodging        | 1 |  1.7
Axes           | 3 4 |  4.0
Fighting       | 4 |  4.6
Shields        | 3 |  3.1
Armour         | |  2.4

Action                   |  1- 3 |  4- 6 || total
-------------------------+-------+-------++-------
Melee: War axe           |   127 |   106 ||   233
       Tailslap          |     8 |     9 ||    17
Armor: Scale mail        |    83 |    66 ||   149
Dodge: Dodged            |    61 |    50 ||   111
Block: Buckler           |    20 |    24 ||    44
